 Dungeon Crawl Stone Soup version 0.22.1-2-g9c5b331 (webtiles) character file.

107 ubloh the Ruffian (level 4, -11/27 HPs)
             Began as a Gargoyle Transmuter on Dec 28, 2018.
             Killed by divine providence
             ... invoked by an orc priest
              (14 damage)
             ... on level 3 of the Dungeon.
             The game lasted 00:09:36 (2056 turns).

ubloh the Ruffian (Gargoyle Transmuter)             Turns: 2056, Time: 00:09:37

Health: -11/27     AC: 10    Str: 14    XL:     4   Next: 85%
Magic:  7/7        EV: 10    Int: 14    God:
Gold:   97         SH:  0    Dex: 10    Spells: 6/7 levels left

rFire    . . .     SeeInvis .     - Unarmed
rCold    . . .     Gourm    .   (no shield)
rNeg     + . .     Faith    .   l - +0 ring mail
rPois    ∞         Spirit   .   g - +2 hat
rElec    +         Reflect  .   (no cloak)
rCorr    .         Harm     .   (no gloves)
MR       .....                  (no boots)
Stlth    ..........             (no amulet)
HPRegen  0.09/turn              (no ring)
MPRegen  0.10/turn              (no ring)

@: drained
A: negative energy resistance 1, electricity resistance, unbreathing,
petrification resistance, rot immunity, AC +3
a: no special abilities


You were on level 3 of the Dungeon.
You were very hungry.

You visited 1 branch of the dungeon, and saw 3 of its levels.

You collected 97 gold pieces.

Inventory:

Missiles
 a - 49 arrows
Armour
 g - a +2 hat (worn)
 l - a +0 ring mail (worn)
Scrolls
 c - 3 scrolls of remove curse {unknown}
 e - a scroll of immolation {unknown}
 h - a scroll of teleportation {unknown}
 k - a scroll of enchant armour {unknown}
 n - a scroll of amnesia {unknown}
 o - a scroll of identify {unknown}
Potions
 f - a potion of heal wounds {unknown}
 i - a potion of experience {unknown}
 m - a potion of berserk rage {unknown}
Comestibles
 d - 9 rations
 j - 5 chunks of flesh


   Skills:
 + Level 2.4(1.5) Fighting
 + Level 2.0(1.1) Armour
 - Level 2.0(1.1) Dodging
 * Level 4.2(3.2) Unarmed Combat
 - Level 2.0(1.1) Spellcasting
 - Level 1.5(0.6) Transmutations


You had 6 spell levels left.
You knew the following spells:

 Your Spells              Type           Power        Failure   Level  Hunger
a - Beastly Appendage     Tmut           #.....       38%         1    ##.....

Your spell library contained the following spells:

 Spells                   Type           Power        Failure   Level  Hunger
 Sticks to Snakes         Tmut           #.......     52%         2    ###....
 Spider Form              Tmut/Pois      #.........   80%         3    ####...
 Ice Form                 Ice/Tmut       #.......     99%         4    #####..
 Blade Hands              Tmut           #.........   100%        5    ######.


Dungeon Overview and Level Annotations

Branches:
Dungeon (3/15)

Altars:

Annotations:
D:3 Grinder, Ijyb


Innate Abilities, Weirdness & Mutations

You are resistant to torment.
Your stone body is resilient. (AC +3)
You are immune to poison.
You resist negative energy. (rN+)
You are resistant to electric shocks. (rElec)
You can survive without breathing.
You are immune to petrification.
You are immune to rotting.


Message History

You kill the crimson imp!
Your base Armour skill increases to level 2!
Your base Unarmed Combat skill increases to level 4!
The orc priest invokes the aid of Beogh against you.
Beogh smites you! The orc barely misses you.
You closely miss the orc. The orc closely misses you.
The orc priest mumbles some strange prayers to Beogh against you.
Beogh smites you!
* * * LOW HITPOINT WARNING * * *
You are too injured to fight recklessly!
You are too injured to fight recklessly!
You are too injured to fight recklessly!
You are too injured to fight recklessly!
You are too injured to fight recklessly!
You are too injured to fight recklessly!
The orc hits you but does no damage.
The orc priest invokes the aid of Beogh against you.
Beogh smites you!
Ouch! That really hurt!
You die...

####### #.....#
#.###.#####################
#.# #.....................#
#.#######################.#
#.......).(........<#####.##
###########@.......)........
#oo.......########
#######).)......
.......o........
................
................
.......#'####### ....... .#
######. .#


You could see an orc priest and 2 orcs.

Vanquished Creatures
  A crimson imp (D:3)
  2 adders
  A worm (D:2)
  A dart slug (D:1)
  2 leopard geckos (D:2)
  3 orcs
  6 bats
  A giant cockroach (D:2)
  6 goblins
  4 hobgoblins
  2 quokkas
  4 frilled lizards
  6 kobolds
  4 rats
43 creatures vanquished.

Notes
Turn   | Place    | Note
-------+----------+-------------------------------------------
     0 | D:1      | ubloh the Gargoyle Transmuter began the quest for the Orb.
     0 | D:1      | Reached XP level 1. HP: 12/12 MP: 3/3
   267 | D:1      | Reached XP level 2. HP: 16/16 MP: 3/5
   502 | D:1      | Reached skill level 1 in Armour
   780 | D:2      | Reached XP level 3. HP: 20/20 MP: 6/6
  1749 | D:3      | Noticed Ijyb
  1791 | D:3      | Reached XP level 4. HP: 25/26 MP: 7/7
  1810 | D:3      | Noticed Grinder
  2054 | D:3      | Reached skill level 4 in Unarmed Combat
  2056 | D:3      | Killed from afar by an orc priest

Skill      XL: |  1  2  3  4 |
---------------+-------------+-----
Armour         | 1 2 |  2.0
Dodging        | 2 |  2.0
Fighting       | 2 |  2.4
Unarmed Combat | 4 |  4.2
Spellcasting   | |  2.0
Transmutations | |  1.5

Action                   |  1- 3 |  4- 6 || total
-------------------------+-------+-------++-------
Melee: Unarmed           |   189 |    61 ||   250
 Cast: Beastly Appendage |     4 |       ||     4
  Eat: Chunk             |     3 |       ||     3
Armor: Robe              |    41 |       ||    41
       Ring mail         |    47 |    20 ||    67
Dodge: Dodged            |   124 |    33 ||   157
